 Dungeon Crawl Stone Soup version 0.30-a0-210-g01b79a254e (webtiles) character file.

Game seed: 12496010403627195398

363 IdlyInterested the Trooper (level 6, -1/52 HPs)
             Began as a Demonspawn Gladiator on Oct 4, 2022.
             Slain by a scorpion (5 damage)
             ... on level 5 of the Dungeon.
             The game lasted 00:12:41 (2740 turns).

IdlyInterested the Trooper (Demonspawn Gladiator)   Turns: 2740, Time: 00:12:41

Health: -1/52      AC:  7    Str: 13 (14) XL:     6   Next: 39%
Magic:  6/6        EV:  9    Int: 10 (11) God:
Gold:   5          SH:  0    Dex: 12 (15) Spells: 5/5 levels left

rFire   . . .      SeeInvis +    a - +0 rapier
rCold   . . .      Faith    .    (no shield)
rNeg    . . .      Spirit   .    t - +0 scale mail
rPois   .          Reflect  .    (helmet restricted)
rElec   .          Harm     .    (no cloak)
rCorr   .          Rampage  .    m - +0 pair of gloves
Will    +....                    (no boots)
Stlth   +.........               y - amulet of magic regeneration
HPRegen 0.28/turn                k - ring of see invisible
MPRegen 0.50/turn                w - ring of willpower

@: no status effects
A: antennae 2, powered by death 1, robust 1, subdued magic 1
a: no special abilities


You were on level 5 of the Dungeon.
You visited 1 branch of the dungeon, and saw 5 of its levels.

You collected 180 gold pieces.
You spent 175 gold pieces at shops.

Inventory:

Hand Weapons
 a - a +0 rapier (weapon)
Missiles
 d - a throwing net
 e - a javelin
 j - 9 boomerangs
 v - 3 poisoned darts (quivered)
Armour
 b - a +0 leather armour
 m - a +0 pair of gloves (worn)
 n - a +0 robe
 t - a +0 scale mail (worn)
Magical Staves
 l - a staff of poison
Jewellery
 k - a ring of see invisible (left hand)
 r - a ring of flight
 w - a ring of willpower (right hand)
 y - an amulet of magic regeneration (around neck)
 A - a ring of protection from cold
Wands
 B - a wand of acid (9)
Scrolls
 c - 5 scrolls of teleportation {unknown}
 h - 3 scrolls of identify
 i - a scroll of blinking {unknown}
 o - a scroll of enchant weapon
 p - a scroll of poison {unknown}
 q - a scroll of vulnerability {unknown}
 s - a scroll of fear {unknown}
 u - a scroll of enchant armour {unknown}
 C - a scroll of amnesia
Potions
 g - a potion of mutation
 z - a potion of might {unknown}


   Skills:
 - Level 4.0 Fighting
 - Level 4.0 Short Blades
 - Level 2.0 Throwing
 - Level 2.6 Dodging
 * Level 3.8 Stealth
 + Level 1.2 Evocations


You had 5 spell levels left.
You didn't know any spells.
Your spell library contained the following spells:

 Spells                   Type           Power      Damage    Failure   Level
 Kiss of Death            Conj/Necr      0%         2d5       86%         1
 Necrotise                Necr           0%         1d4       86%         1
 Sandblast                Erth           0%         2d4       86%         1
 Ensorcelled Hibernation  Hex/Ice        0%         N/A       95%         2
 Passwall                 Tmut/Erth      0%         N/A       95%         2
 Confusing Touch          Hex            0%         N/A       99%         3
 Hailstorm                Conj/Ice       0%         3d3       99%         3
 Portal Projectile        Hex/Tloc       0%         N/A       99%         3
 Spider Form              Tmut/Pois      0%         N/A       99%         3
 Stone Arrow              Conj/Erth      0%         3d7       99%         3
 Tukima's Dance           Hex            0%         N/A       99%         3
 Anguish                  Hex/Necr       0%         N/A       100%        4
 Dispel Undead            Necr           0%         3d6       100%        4
 Ice Form                 Ice/Tmut       0%         N/A       100%        4
 Blade Hands              Tmut           0%         N/A       100%        5
 Simulacrum               Ice/Necr       0%         N/A       100%        6


Dungeon Overview and Level Annotations

Branches:
Dungeon (5/15)
 Temple: D:4-7

Altars:
Kikubaaqudgha
Sif Muna
Uskayaw
Vehumet

Shops:
D:1 *


Innate Abilities, Weirdness & Mutations

You have a pair of antennae on your head.
You regenerate a little health from kills.
You are robust. (+10% HP)
Your spells are a little easier to cast, but a little less powerful.


Message History

Aiming: Corrosive Bolt
Press: ? - help, Shift-Dir - straight line, f/p - ufetubus
Aim: an ufetubus (severely wounded, 53% to hit)
The bolt of acid hits the ufetubus!
The acid corrodes the ufetubus!
You kill the ufetubus!
You start resting.
A scorpion comes into view.
Throw: 6 darts (poison)
Press: ? - help, Q - select action, (/) - cycle Shift-Dir - straight line, f - scorpion
Aim: a scorpion (wandering, hasn't noticed you, 60% to hit)
You throw a poisoned dart.
The poisoned dart closely misses the scorpion.
There is a stone staircase leading up here.
You hit the scorpion but do no damage. The scorpion stings you.
* * * LOW HITPOINT WARNING * * *
Throw: 5 darts (poison)
Press: ? - help, Q - select action, (/) - cycle Shift-Dir - straight line, f/p - scorpion
Aim: a scorpion (60% to hit)
You throw a poisoned dart. The poisoned dart hits the scorpion.
The scorpion is poisoned.
The scorpion barely misses you.
Throw: 4 darts (poison)
Press: ? - help, Q - select action, (/) - cycle Shift-Dir - straight line, f/p - scorpion
Aim: a scorpion (lightly wounded, poisoned, 60% to hit)
You throw a poisoned dart.
The poisoned dart barely misses the scorpion.
The scorpion completely misses you.
You hit the scorpion.
The scorpion is heavily wounded.
The scorpion closely misses you.
You hit the scorpion.
The scorpion is severely wounded.
The scorpion stings you.
* * * LOW HITPOINT WARNING * * *
The scorpion stings you.
* * * LOW HITPOINT WARNING * * *
You barely miss the scorpion.
The scorpion is severely wounded.
The scorpion stings you.
You die...

....# #.# ....
#..## ...
...##... ..<.. #
#......##!....
..##.............
...............(.
.##..............
.......@s.....(..
###........(.....
#.#.##.)#..... #
#....## #...
.......## ..
....... .?.....
....... .......


You could see a scorpion (poisoned).

Vanquished Creatures
  2 ogres
  A hound (D:3)
  An orc wizard (D:3)
  6 adders
  An ufetubus (D:5)
  4 orcs (D:3)
  8 endoplasms
  5 giant cockroaches
  6 goblins
  6 hobgoblins
  5 jackals
  4 quokkas
  8 ball pythons
  6 bats
  3 frilled lizards
  4 kobolds
  8 rats
78 creatures vanquished.

Notes
Turn   | Place    | Note
-------+----------+-------------------------------------------
     0 | D:1      | IdlyInterested the Demonspawn Gladiator began the quest for
                  | the Orb.
     0 | D:1      | Reached XP level 1. HP: 16/16 MP: 1/1
    67 | D:1      | Reached skill level 1 in Stealth
   105 | D:1      | Gained mutation: You have a pair of small antennae on your
                  | head. [demonic ancestry]
   105 | D:1      | Reached XP level 2. HP: 21/22 MP: 2/2
   263 | D:1      | Found Zerram's General Store.
   395 | D:1      | Found a faded altar of an unknown god.
   491 | D:1      | Bought a scroll of identify for 26 gold pieces
   584 | D:2      | Gained mutation: You regenerate a little health from kills.
                  | [demonic ancestry]
   584 | D:2      | Reached XP level 3. HP: 9/28 MP: 3/3
   645 | D:2      | You fall into a shaft and drop 2 floors!
   645 | D:4      | Found an ancient bone altar of Kikubaaqudgha.
   647 | D:4      | Got Kikubaaqudgha's Discursus on Malignant Mysteries
   649 | D:4      | Found a radiant altar of Vehumet.
   650 | D:4      | Found a shimmering blue altar of Sif Muna.
   713 | D:4      | Found a hide-covered altar of Uskayaw.
   846 | D:4      | Noticed an ogre
   859 | D:4      | Killed an ogre
   860 | D:4      | Reached XP level 4. HP: 36/36 MP: 4/4
  1312 | D:2      | Gained mutation: You have a pair of antennae on your head.
                  | [demonic ancestry]
  1312 | D:2      | Reached XP level 5. HP: 42/42 MP: 5/5
  1365 | D:2      | Found a radiant altar of Vehumet.
  2362 | D:4      | Reached XP level 6. HP: 47/48 MP: 6/6
  2607 | D:1      | Bought a scroll of enchant weapon for 97 gold pieces
  2607 | D:1      | Bought a scroll of amnesia for 52 gold pieces
  2675 | D:5      | Entered Level 5 of the Dungeon
  2690 | D:5      | Reached skill level 1 in Evocations
  2704 | D:5      | HP: 2/48 [ufetubus (2)]
  2705 | D:5      | Gained mutation: Your spells are a little easier to cast,
                  | but a little less powerful. [potion of mutation]
  2705 | D:5      | Gained mutation: You are robust. (+10% HP) [potion of
                  | mutation]
  2740 | D:5      | Slain by a scorpion

Illustrated notes

Levels and vault maps discovered:
D:1:      dpeg_arrival_tiny_a, layout_rooms,
          shapermc_ecumenical_altar_mp_urbaneastern, serial_shops,
          nicolae_shop_advertising_works [nicolae_subvault_shop_adworks]
D:2:      layout_rooms, basic_altar, minivault_19, minmay_bisected
D:3:      layout_rooms, mainiacjoe_overflow_swirl
D:4:      layout_basic, grunt_temple_overflow_magic_moments,
          eat_drink_and_be_merry_uskayaw, kennysheep_nondescript,
          hangedman_decor_diamond_cutter
D:5:      layout_rooms, mainiacjoe_overflow_small_starburst

Skill      XL: |  1  2  3  4  5  6 |
---------------+-------------------+-----
Stealth        | 1 3 |  3.8
Short Blades   | 3 4 |  4.0
Fighting       | 3 4 |  4.0
Throwing       | 2 |  2.0
Evocations     | 1 |  1.2
Dodging        | |  2.6

Action                   |  1- 3 |  4- 6 || total
-------------------------+-------+-------++-------
Melee: Rapier            |    92 |   209 ||   301
       Punch             |     3 |     2 ||     5
Throw: Throwing net      |     1 |     1 ||     2
       Dart              |       |     5 ||     5
Evoke: Wand              |       |     1 ||     1
  Use: Potion            |     1 |     3 ||     4
 Stab: Sleeping          |     5 |     2 ||     7
       Held in net/web   |     3 |       ||     3
Armor: Leather armour    |    26 |       ||    26
       Robe              |       |    14 ||    14
       Chain mail        |       |    21 ||    21
       Scale mail        |       |    87 ||    87
Dodge: Dodged            |    99 |   122 ||   221

Table legend: (Time is in decaauts)
 A = Elapsed time spent in this place.
 B = Non-inter-level travel time spent in this place.
 C = Inter-level travel time spent in this place.
 D = Time resting spent in this place.
 E = Time spent auto-exploring this place.
 F = Levels seen in this place.
 G = Mean time per level.
                   A        B        C        D        E       F      G
               +--------+--------+--------+--------+--------+-----+--------+
         Total |   2753 |   2348 |    405 |     81 |   1223 |   5 |  550.6 |
       Dungeon |   2753 |   2348 |    405 |     81 |   1223 |   5 |  550.6 |
               +--------+--------+--------+--------+--------+-----+--------+

Top non-repeatable levels by time:
     D:3: 774 daAuts
     D:2: 675 daAuts
     D:4: 625 daAuts
     D:1: 613 daAuts
     D:5: 64 daAuts
